 Dungeon Crawl Stone Soup version 0.32-a0-607-g64ea0e4219 (webtiles) character file.

Game seed: 12476127062082533597

156 Kenran the Ruffian (level 5, -2/14 (30) HPs)
             Began as a Gargoyle Reaver on Mar 4, 2024.
             Incinerated by a bombardier beetle (4 damage)
             ... with a burning spray
             ... on level 3 of the Dungeon.
             The game lasted 00:04:19 (2363 turns).

Kenran the Ruffian (Gargoyle Reaver)                Turns: 2363, Time: 00:04:19

HP:   -2/14 (30)    AC:  7    Str: 23    XL:     5   Next: 37%
MP:   6/8           EV: 11    Int: 14    God:
Gold: 71            SH:  0    Dex:  8    Spells: 7/8 levels left

rFire   . .          .
                       - Unarmed
rCold   . . .        (no shield)
rNeg    + . .        a - +0 leather armour
rPois   ∞            (no helmet)
rElec   +            (no cloak)
rCorr   .            (no gloves)
SInv    .            (no boots)
Will    .....        (no amulet)
Stlth   +            m - +6 ring of strength
HPRegen 0.22/turn    (no ring)
MPRegen 0.11/turn

%: no passive effects
@: on fire, glowing, extremely drained
A: sickness immunity, AC +4, negative energy resistance 1, electricity
resistance, torment resistance 1, petrification resistance
a: no special abilities


You were on level 3 of the Dungeon.
You visited 1 branch of the dungeon, and saw 3 of its levels.

You collected 147 gold pieces.
You spent 76 gold pieces at shops.

Inventory:

Armour
 a - a +0 leather armour (worn)
Jewellery
 m - a +6 ring of strength (left hand)
 o - a ring of willpower
Scrolls
 b - a scroll of teleportation
 c - 2 scrolls of noise {unknown}
 g - a scroll of fog {unknown}
 j - a scroll of revelation {unknown}
Potions
 d - a potion of resistance {unknown}
 e - a potion of ambrosia {unknown}
 f - 3 potions of degeneration {unknown}
 h - a potion of heal wounds {@q2}
 i - a potion of brilliance {unknown}
 k - a potion of curing {unknown}
 l - a potion of mutation {unknown}
 n - a potion of enlightenment {unknown}


   Skills:
 - Level 2.1 Fighting
 - Level 1.5 Dodging
 + Level 5.9 Unarmed Combat
 - Level 2.0 Spellcasting
 - Level 3.2 Conjurations


You had 7 spell levels left.
You knew the following spells:

 Your Spells              Type           Power      Damage    Failure   Level
a - Kiss of Death         Conj/Necr      24%        2d7       14%         1

Your spell library contained the following spells:

 Spells                   Type           Power      Damage    Failure   Level
 Momentum Strike          Conj/Tloc      12%        3d8       22%         2
 Blink                    Tloc           2%         N/A       38%         2
 Lesser Beckoning         Tloc           2%         N/A       38%         2
 Hailstorm                Conj/Ice       6%         3d5       38%         3


Dungeon Overview and Level Annotations

Branches:
Dungeon (3/15)

Altars:

Shops:
D:2 ?*[?


Innate Abilities, Weirdness & Mutations

You are immune to sickness and miasma.
Your stone body is resilient. (AC +4)
You are immune to poison.
You resist negative energy. (rN+)
You are resistant to electric shocks. (rElec)
You are resistant to unholy torment.
You are immune to petrification.


Message History

The liquid fire burns you! The iguana bites you.
The bombardier beetle bites you but does no damage.
Things that are here:
a +0 short sword; a rat corpse You shake off some of the fire as you move.
The liquid fire burns you! The iguana barely misses you.
You shake off the liquid fire.
The iguana attacks as it pursues you!
The iguana bites you but does no damage.
Casting: Kiss of Death (safe; 14% risk of failure)
Confirm with . or Enter, or press ? or * to list all spells.
Aiming: Kiss of Death (safe; 14% risk of failure)
Press: ? - help, Shift-Dir - straight line, f - iguana
Aim: an iguana (100% to hit)
The fragment of death hits the iguana.
The iguana is drained!
The iguana is heavily wounded.
You feel drained.
The bombardier beetle sprays incendiary fluid at you.
The burning spray hits you.
You are covered in liquid fire!
The iguana bites you.
Casting: Kiss of Death (safe; 14% risk of failure)
Confirm with . or Enter, or press ? or * to list all spells.
Aiming: Kiss of Death (safe; 14% risk of failure)
Press: ? - help, Shift-Dir - straight line, f/p - iguana
Aim: an iguana (heavily wounded, heavily drained, 100% to hit)
The fragment of death hits the iguana.
The iguana is drained!
The iguana is almost dead.
You feel drained. The liquid fire burns you!
The iguana bites you but does no damage.
You shake off some of the fire as you move.
The liquid fire burns you!
* * * LOW HITPOINT WARNING * * *
The iguana attacks as it pursues you! The iguana misses you.
You shake off some of the fire as you move.
The liquid fire burns you!
You die...

......######...#.#
....### ###...##
..÷## ##...# ...#
#...# ..## ##..#
..# ../!. #..#..#
..# .$##$ #..#..#
#.# .?##?.#..#..#
#.# ..!!..#..#@.#
#.# #.o.l.#b##b.#
.. ###.....#.Bl#
#. ........#)#.#
.. #..........o#
###......####
.......### .....##
#####


You could see a bombardier beetle, an iguana (very drained), an orc and a bat.

Vanquished Creatures
  A bombardier beetle (D:3)
  Jessica (D:3)
  2 adders (D:3)
  2 dart slugs
  5 ribbon worms (D:3)
  An orc (D:3)
  5 bats
  5 endoplasms
  3 giant cockroaches
  7 goblins
  2 hobgoblins
  6 jackals (D:2)
  5 kobolds
  2 quokkas (D:1)
  5 ball pythons
  3 frilled lizards
  4 rats
59 creatures vanquished.

Notes
Turn   | Place    | Note
-------+----------+-------------------------------------------
     0 | D:1      | Kenran the Gargoyle Reaver began the quest for the Orb.
     0 | D:1      | Reached XP level 1. HP: 12/12 MP: 3/3
   132 | D:1      | You fall into a shaft and drop 1 floor!
   250 | D:2      | Found Telug's Magic Scroll Emporium.
   255 | D:2      | Found Mytaf's General Store.
   434 | D:1      | Reached XP level 2. HP: 15/15 MP: 5/5
  1091 | D:2      | Reached skill level 4 in Unarmed Combat
  1104 | D:2      | Reached XP level 3. HP: 18/21 MP: 6/6
  1124 | D:2      | Found Roerghynu's Antique Armour Emporium.
  1379 | D:2      | Bought a scroll of identify for 26 gold pieces
  1394 | D:2      | Bought a potion of heal wounds for 50 gold pieces
  1576 | D:2      | Found Deuv's Magic Scroll Emporium.
  1724 | D:3      | Reached XP level 4. HP: 26/26 MP: 7/7
  1831 | D:3      | Noticed Jessica
  1849 | D:3      | Killed Jessica
  1850 | D:3      | Reached skill level 5 in Unarmed Combat
  2223 | D:3      | Reached XP level 5. HP: 30/30 MP: 8/8
  2363 | D:3      | Incinerated by a bombardier beetle

Illustrated notes

Levels and vault maps discovered:
D:1:      lemuel_arrival_rhombus, layout_loops_corners, serial_forest,
          infiniplex_forest_clump_medium, infiniplex_forest_zigzag_1,
          infiniplex_forest_lined_4_way, infiniplex_forest_end_2,
          infiniplex_forest_side_room, infiniplex_forest_clump_large,
          infiniplex_forest_end_3
D:2:      layout_rooms, serial_shops, nicolae_shop_hallway_plus, shop,
          nicolae_shop_hallway_stairs, nicolae_diamond_shop
D:3:      minmay_octagon_keep, layout_basic, minmay_randomly_rotated_circles,
          uniq_jessica

Skill      XL: |  1  2  3  4 |
---------------+-------------+-----
Unarmed Combat | 4 5 |  5.9
Fighting       | |  2.1
Dodging        | |  1.5
Spellcasting   | |  2.0
Conjurations   | |  3.2

Action                     |  1- 3 |  4- 6 || total
---------------------------+-------+-------++-------
  Melee: Unarmed           |   144 |    84 ||   228
         Punch             |     1 |     1 ||     2
   Cast: Kiss of Death     |     1 |     4 ||     5
    Use: Scroll            |     1 |       ||     1
 Armour: Leather armour    |    74 |    38 ||   112
  Dodge: Dodged            |    87 |    37 ||   124

Table legend: (Time is in decaauts)
 A = Elapsed time spent in this place.
 B = Non-inter-level travel time spent in this place.
 C = Inter-level travel time spent in this place.
 D = Time resting spent in this place.
 E = Time spent auto-exploring this place.
 F = Levels seen in this place.
 G = Mean time per level.
                   A        B        C        D        E       F      G
               +--------+--------+--------+--------+--------+-----+--------+
         Total |   2343 |   2319 |     24 |    264 |   1450 |   3 |  781.0 |
       Dungeon |   2343 |   2319 |     24 |    264 |   1450 |   3 |  781.0 |
               +--------+--------+--------+--------+--------+-----+--------+

Top non-repeatable levels by time:
     D:1: 928 daAuts
     D:2: 778 daAuts
     D:3: 637 daAuts
